 Dungeon Crawl Stone Soup version 0.24-a0-464-g6b2be6b8c7 (webtiles) character file.

Game seed: 506859003402768361

1 Bikalo the Sneak (level 1, 0/15 HPs)
             Began as a Naga Enchanter on July 3, 2019.
             Slain by a kobold (3 damage)
             ... on level 1 of the Dungeon.
             The game lasted 00:00:09 (26 turns).

Bikalo the Sneak (Naga Enchanter)                     Turns: 26, Time: 00:00:10

Health: 0/15       AC:  1    Str: 10    XL:     1   Next: 20%
Magic:  2/3        EV: 10    Int: 15    God:
Gold:   0          SH:  0    Dex: 11    Spells: 3/4 levels left

rFire    . . .     SeeInvis +   a - +1 dagger
rCold    . . .     Gourm    .   (no shield)
rNeg     . . .     Faith    .   b - +0 robe
rPois    +         Spirit   .   (no helmet)
rElec    .         Reflect  .   (no cloak)
rCorr    .         Harm     .   (no gloves)
MR       .....                  (no barding)
Stlth    ++........             (no amulet)
HPRegen  0.05/turn              (no ring)
MPRegen  0.08/turn              (no ring)

@: very slow
A: large, see invisible, deformed body, poison resistance, slowness 2, slow
metabolism 1, spit poison 1, AC +0
a: Spit Poison


You were on level 1 of the Dungeon.
You were not hungry.

You visited 1 branch of the dungeon, and saw 1 of its levels.

Inventory:

Hand Weapons
 a - a +1 dagger (weapon)
Armour
 b - a +0 robe (worn)
Comestibles
 d - a ration


   Skills:
 + Level 1.0 Short Blades
 + Level 1.6 Dodging
 + Level 4.4 Stealth
 - Level 2.0 Spellcasting
 + Level 3.0 Hexes


You had 3 spell levels left.
You knew the following spells:

 Your Spells              Type           Power        Failure   Level  Hunger
a - Corona                Hex            ##.....      6%          1    #......

Your spell library contained the following spells:

 Spells                   Type           Power        Failure   Level  Hunger
 Ensorcelled Hibernation  Hex/Ice        #.....       19%         2    ###....
 Confuse                  Hex            ##......     19%         3    ###....
 Tukima's Dance           Hex            ##......     19%         3    ###....
 Dazzling Spray           Conj/Hex       #.....       34%         3    ###....


Dungeon Overview and Level Annotations

Branches:
Dungeon (1/15)

Altars:


Innate Abilities, Weirdness & Mutations

You cannot wear boots.
Your serpentine skin is tough. (AC +0)
You have supernaturally acute eyesight. (SInv)
Armour fits poorly on your strangely shaped body.
Your system is resistant to poisons. (rPois)
You cover ground very slowly.
You have a slow metabolism.
You can spit poison.


Message History

You are too injured to fight recklessly!
You are too injured to fight recklessly!
You are too injured to fight recklessly!
You are too injured to fight recklessly!
You are too injured to fight recklessly!
You closely miss the goblin.
The goblin is heavily wounded.
The goblin hits you with a +0 dagger.
You hit the goblin.
You kill the goblin!
You barely miss the kobold. The kobold hits you.
* * * LOW HITPOINT WARNING * * *
You closely miss the kobold. The kobold hits you but does no damage.
Casting: Corona (safe; 6% risk of failure)
Confirm with . or Enter, or press ? or * to list all spells.
Aiming: Corona (safe; 6% risk of failure)
Press: ? - help, Shift-Dir - straight line, f - kobold
Aim: a kobold (chance to defeat MR: 63%)
The kobold is outlined in light.
The kobold hits you.
You die...

.. .............. #
.##...$ ....... #.
..... #.....#
#..#######.#.....####.
#..#.....#.#......s...
#..#..<..#.#.....#
#..#.....#.##s####
....#.....#.##K#
##..##'''##.##@#
#..........##.#
########.####.#
#......# ########


You could see a giant cockroach and a kobold.

Vanquished Creatures
  A goblin (D:1)
1 creature vanquished.

Notes
Turn   | Place    | Note
-------+----------+-------------------------------------------
     0 | D:1      | Bikalo the Naga Enchanter began the quest for the Orb.
     0 | D:1      | Reached XP level 1. HP: 15/15 MP: 3/3
    26 | D:1      | Slain by a kobold

Levels and vault maps discovered:
D:1:      dpeg_arrival_windows_large_door, layout_basic, minmay_3d_cube

Action                   || total
-------------------------++-------
Melee: Dagger            ||     6
 Cast: Corona            ||     1
Armor: Robe              ||     1
Dodge: Dodged            ||     1

Table legend:
 A = Non-vault XP
 B = Vault XP
 C = Vault XP percentage of total XP
 D = Non-vault monster count
 E = Vault monster count
 F = Vault count percentage of total count
                 A         B        C        D         E       F
            +---------+---------+-------+---------+---------+-------
      Total |       2 |       0 |   0.0 |       1 |       0 |   0.0
            +---------+---------+-------+---------+---------+-------
        D:1 |       2 |       0 |   0.0 |       1 |       0 |   0.0
            +---------+---------+-------+---------+---------+-------
